 Dungeon Crawl Stone Soup version 0.32-a0-13-gbaedc5810e (webtiles) character file.

Game seed: 1704246692169100281

2152 Hopman the Fighter (level 9, -3/81 HPs)
             Began as a Hill Orc Fighter on Jan 15, 2024.
             Was a High Priest of Elyvilon.
             Slain by a vampire
             ... wielding a +2 vampiric glaive
              (4 damage)
             ... in a bailey.
             The game lasted 00:18:37 (6810 turns).

Hopman the Fighter (Hill Orc Fighter)               Turns: 6810, Time: 00:18:37

Health: -3/81      AC: 17    Str: 26 (29) XL:     9   Next: 31%
Magic:  10/10      EV:  8    Int:  7 (8)  God:    Elyvilon [*****.]
Gold:   475        SH:  6    Dex:  9 (10) Spells: 8/8 levels left

rFire   . . .        a - +1 flail
rCold   . . .        c - +1 buckler
rNeg    . . .        i - +0 chain mail
rPois   .            (no helmet)
rElec   .            (no cloak)
rCorr   .            t - +2 pair of gloves {Stlth+}
SInv    .            j - +2 pair of boots
Will    .....        (no amulet) Stlth
                     p - +4 ring of slaying
HPRegen 0.33/turn    v - +6 ring of strength
MPRegen 0.12/turn

%: no passive effects
@: hasted, very quick
A: no striking features
a: Renounce Religion, Purification, Heal Other, Heal Self, Divine Vigour


You were in a bailey.
You worshipped Elyvilon.
Elyvilon was extremely pleased with you.
You visited 1 branch of the dungeon, and saw 7 of its levels.
You also visited: Bailey.

You collected 475 gold pieces.

Inventory:

Hand Weapons
 a - a +1 flail (weapon)
Armour
 b - a +0 scale mail
 c - a +1 buckler (worn)
 i - a +0 chain mail (worn)
 j - a +2 pair of boots (worn)
 n - a +0 pair of boots
 t - a +2 pair of gloves of stealth (worn)
Jewellery
 p - a +4 ring of slaying (left hand)
 v - a +6 ring of strength (right hand)
Wands
 k - a wand of paralysis (9)
Scrolls
 h - a scroll of revelation
 r - 2 scrolls of teleportation
 u - a scroll of enchant weapon
 w - a scroll of fog
Potions
 f - a potion of berserk rage {unknown}
 g - 2 potions of attraction
 o - 2 potions of enlightenment
 q - 3 potions of curing
 s - a potion of invisibility


   Skills:
 + Level 8.0 Fighting
 + Level 6.7 Maces & Flails
 + Level 7.3 Armour
 + Level 7.3 Shields
 + Level 2.0 Invocations


You had 8 spell levels left.
You didn't know any spells.
Your spell library contained the following spells:

 Spells                   Type           Power      Damage    Failure   Level
 Apportation              Tloc           0%         N/A       93%         1
 Freeze                   Ice            0%         1d3       93%         1
 Necrotise                Necr           0%         1d4       93%         1
 Sting                    Conj/Alch      0%         1d3       93%         1
 Summon Small Mammal      Summ           0%         N/A       93%         1
 Jinxbite                 Hex            0%         N/A       98%         2
 Lesser Beckoning         Tloc           0%         N/A       98%         2
 Static Discharge         Conj/Air       0%         3-3/arc   98%         2
 Frozen Ramparts          Ice            0%         1d1       100%        3
 Gell's Gravitas          Tloc           0%         N/A       100%        3
 Hailstorm                Conj/Ice       0%         3d5       100%        3
 Teleport Other           Tloc           0%         N/A       100%        3
 Airstrike                Air            0%         2d(0-16)  100%        4
 Summon Lightning Spire   Summ/Air       0%         N/A       100%        4
 Alistair's Intoxication  Alch           0%         N/A       100%        5


Dungeon Overview and Level Annotations

Branches:
Dungeon (7/15)             Temple (0/1) D:7          Bailey (1/1)

Altars:
Elyvilon
Ru
Trog

Annotations:
D:7 Menkaure


Message History

There is an open door here.
There is a large open door here.
The vampire hits you with a +2 vampiric glaive!
You block the vampire's attack.
There is a large open door, spattered with blood here.
You sock the vampire!
The vampire is moderately damaged.
The vampire hits you with a +2 vampiric glaive!
The vampire draws strength from your wounds!
You block the vampire's attack.
You feel yourself speed up.
The vampire hits you with a +2 vampiric glaive!
The vampire draws strength from your wounds!
The vampire bites you but does no damage.
You hit the vampire but do no damage.
The vampire hits you with a +2 vampiric glaive!
You block the vampire's attack.
You hit the vampire but do no damage. You barely miss the vampire.
The vampire gestures wildly while chanting.
The vampire flickers and vanishes!
You hit something. Something hits you! Something bites you but does no damage.
You hit something but do no damage. You hit something but do no damage.
Something hits you!
* * * LOW HITPOINT WARNING * * *
Something bites you.
* * * LOW HITPOINT WARNING * * *
Something draws strength from your injuries!
It was a potion of degeneration.
There was something very wrong with that liquid.
You feel weakened.
You feel dopey.
You feel clumsy. Something hits you.
* * * LOW HITPOINT WARNING * * *
Something bites you!
* * * LOW HITPOINT WARNING * * *
Something draws strength from your injuries!
It was a potion of magic.
Magic courses through your body. Something hits you.
* * * LOW HITPOINT WARNING * * *
Something bites you.
You die...

#..#....##......♣....
#..##....#...........
#...##...##.♣♣.....♣.
#8......##...........
######....##...♣........
##8...##...#.............
##!.....##..#.............
#8[.##..{#..#.......♣.....
#|{####..@..#.............
#!.# #..'..#.......##'#..
#.[. #...#..#8..#####..#..
##!.....##.8#####...'..###
##8...###### #÷÷÷####
##### #[÷.# #####


There were no monsters in sight!

Vanquished Creatures
  A gargoyle (Bailey)
  A water moccasin (D:5)
  An ice beast (D:7)
  A black bear (D:6)
  2 ogres (D:6)
  2 centaurs (D:6)
  2 phantoms
  A bullfrog (D:7)
  2 scorpions
  7 vampire bats (Bailey)
  6 wolf zombies (Bailey)
  2 sleepcaps
  A gnoll bouda (D:6)
  3 iguanas
  7 gnolls
  3 adders
  A white imp (D:5)
  3 ribbon worms
  5 dart slugs
  7 orcs
  7 bats
  7 endoplasms
  4 giant cockroaches
  6 goblins
  4 hobgoblins
  11 jackals
  8 quokkas
  6 ball pythons
  3 frilled lizards
  10 kobolds
  15 orc zombies (Bailey)
  10 rats
149 creatures vanquished.

Notes
Turn   | Place    | Note
-------+----------+-------------------------------------------
     0 | D:1      | Hopman the Hill Orc Fighter began the quest for the Orb.
     0 | D:1      | Reached XP level 1. HP: 19/19 MP: 1/1
   118 | D:1      | Reached XP level 2. HP: 27/27 MP: 2/2
   276 | D:1      | Reached skill level 4 in Fighting
   278 | D:1      | Reached XP level 3. HP: 31/33 MP: 3/3
   699 | D:2      | Found a faded altar of an unknown god.
   709 | D:2      | Prayed at the altar of an unknown god.
   709 | D:2      | Became a worshipper of Elyvilon the Healer
   709 | D:2      | Reached * piety under Elyvilon
   943 | D:1      | Reached XP level 4. HP: 22/41 MP: 4/4
  1577 | D:2      | Reached ** piety under Elyvilon
  2083 | D:3      | Reached XP level 5. HP: 45/47 MP: 5/5
  3070 | D:4      | Reached *** piety under Elyvilon
  3440 | D:4      | Reached XP level 6. HP: 55/55 MP: 6/6
  3598 | D:5      | Entered Level 5 of the Dungeon
  3598 | D:5      | Noticed a water moccasin
  3722 | D:5      | Reached skill level 5 in Fighting
  3959 | D:5      | Reached **** piety under Elyvilon
  3964 | D:5      | Killed a water moccasin
  3986 | D:5      | Reached skill level 5 in Armour
  4530 | D:6      | Reached skill level 5 in Shields
  4666 | D:5      | Reached XP level 7. HP: 20/61 MP: 7/7
  4922 | D:6      | Reached skill level 6 in Fighting
  4939 | D:6      | Reached skill level 5 in Maces & Flails
  5027 | D:6      | Found a sacrificial altar of Ru.
  5124 | D:5      | Reached XP level 8. HP: 68/70 MP: 8/8
  5467 | D:6      | Elyvilon protects you from harm!
  5759 | D:7      | Found a flagged portal.
  5903 | D:7      | Found a bloodstained altar of Trog.
  5979 | D:7      | Noticed Menkaure
  6004 | D:6      | Reached skill level 7 in Fighting
  6049 | Bailey   | Entered a bailey
  6218 | Bailey   | Reached XP level 9. HP: 79/79 MP: 9/9
  6238 | Bailey   | Reached ***** piety under Elyvilon
  6276 | Bailey   | Noticed a gargoyle
  6288 | Bailey   | Killed a gargoyle
  6289 | Bailey   | Reached skill level 8 in Fighting
  6289 | Bailey   | Reached skill level 1 in Invocations
  6400 | Bailey   | Identified the +1 scale mail of Dice, Bag, and Bottle {rF+
                  | Str+3 Int+3}
  6411 | Bailey   | HP: 1/81 [something (4)]
  6809 | Bailey   | HP: 4/81 [something (10)]
  6810 | Bailey   | HP: 1/81 [something (3)]
  6810 | Bailey   | Slain by a vampire

Illustrated notes

Levels and vault maps discovered:
D:1:      eino_arrival_water_star, layout_rooms
D:2:      minmay_chambers_of_twos, layout_basic,
          shapermc_ecumenical_altar_starsandcircs, serial_rivers,
          chequers_serial_rivers_room_b, chequers_serial_rivers_room_b,
          chequers_serial_rivers_micro_d, chequers_serial_rivers_small_b,
          minmay_close_crescents
D:3:      layout_basic
D:4:      layout_basic, minmay_misc_feat_four_crosses
D:5:      layout_cave_pools, serial_rivers, chequers_serial_rivers_marsh,
          chequers_serial_rivers_large_a, chequers_serial_rivers_small_b,
          chequers_serial_rivers_large_b, chequers_serial_rivers_room_b
D:6:      layout_cave_pools, nicolae_ru_awakened_eye, serial_bayou_lagoon_b
D:7:      layout_rooms, mainiacjoe_overflow_six_doors_small,
          nicolae_overflow_hidden_temple, minmay_temple_entry_glassed_door,
          enter_bailey_3, uniq_menkaure
Bailey:   bailey_polearm_vampire_castle_hellmonk, bailey

Skill      XL: |  1  2  3  4  5  6  7  8  9 |
---------------+----------------------------+-----
Fighting       | 4 5 6 7 8 |  8.0
Maces & Flails | 3 4 5 6 |  6.7
Armour         | 4 5 7 |  7.3
Shields        | 4 5 6 7 |  7.3
Invocations    | 2 |  2.0

Action                     |  1- 3 |  4- 6 |  7- 9 || total
---------------------------+-------+-------+-------++-------
  Melee: Flail             |   159 |   223 |   247 ||   629
 Invoke: Purification      |       |       |     1 ||     1
    Use: Scroll            |       |    10 |     4 ||    14
         Potion            |       |     1 |    12 ||    13
 Armour: Scale mail        |   128 |     1 |       ||   129
         Chain mail        |       |   181 |   318 ||   499
  Dodge: Dodged            |   114 |    73 |   119 ||   306
  Block: Buckler           |    40 |    43 |   105 ||   188

Table legend: (Time is in decaauts)
 A = Elapsed time spent in this place.
 B = Non-inter-level travel time spent in this place.
 C = Inter-level travel time spent in this place.
 D = Time resting spent in this place.
 E = Time spent auto-exploring this place.
 F = Levels seen in this place.
 G = Mean time per level.
                   A        B        C        D        E       F      G
               +--------+--------+--------+--------+--------+-----+--------+
         Total |   6985 |   6732 |    253 |   1347 |   3484 |   8 |  873.1 |
       Dungeon |   6232 |   5979 |    253 |   1312 |   3014 |   7 |  890.3 |
        Bailey |    753 |    753 |      0 |     35 |    470 |   1 |  753.0 |
               +--------+--------+--------+--------+--------+-----+--------+

Top non-repeatable levels by time:
     D:5: 1163 daAuts
     D:6: 1044 daAuts
     D:3: 1019 daAuts
     D:4: 1000 daAuts
     D:2: 999 daAuts
     D:1: 762 daAuts
  Bailey: 753 daAuts
     D:7: 241 daAuts
